 Dungeon Crawl Stone Soup version 0.30-a0-458-g86641cc369 (webtiles) character file.

Game seed: 418511365090275804

5345 ders the Fighter (level 10, -2/144 HPs)
             Began as a Minotaur Fighter on Dec 14, 2022.
             Was a High Priest of Okawaru.
             Succumbed to an orange demon's poison
             ... on level 10 of the Dungeon.
             The game lasted 00:12:15 (8326 turns).

ders the Fighter (Minotaur Fighter)                 Turns: 8326, Time: 00:12:16

Health: -2/144     AC: 25    Str: 24    XL:     10   Next: 38%
Magic:  9/9        EV:  2    Int:  5    God:    Okawaru [*****.]
Gold:   612        SH:  7    Dex: 11    Spells: 7/9 levels left

rFire   + . .      SeeInvis +    A - +4 broad axe (elec)
rCold   x . .      Faith    .    c - +1 buckler
rNeg    . . .      Spirit   .    (body armour currently unavailable)
rPois   +          Reflect  .    (helmet currently unavailable)
rElec   .          Harm     .    (cloak currently unavailable)
rCorr   .          Rampage  .    (gloves currently unavailable)
Will    .....      NoTele   +    (boots currently unavailable)
Stlth   +.........               y - amulet of the acrobat
HPRegen 0.44/turn                k - ring of fire
MPRegen 0.11/turn                h - ring of see invisible

@: lethally poisoned (-2 -> -28), tree-form
A: stationary, stasis, torment immunity, boosted hp, (horns 2), (retaliatory
headbutt)
a: Renounce Religion, Heroism, Finesse, Duel


You were on level 10 of the Dungeon.
You worshipped Okawaru.
Okawaru was extremely pleased with you.
You were a tree.
You visited 2 branches of the dungeon, and saw 11 of its levels.
You also visited: Sewer.

You collected 612 gold pieces.

Inventory:

Hand Weapons
 a - a +2 war axe of draining
 A - a +4 broad axe of electrocution (weapon)
 H - a +5 mace of freezing
Missiles
 j - 3 throwing nets (quivered)
Armour
 b - a +0 scale mail
 c - a +1 buckler (worn)
 f - a +0 pair of boots (melded)
 z - a +0 pair of gloves (melded)
 D - a +0 plate armour (melded)
Jewellery
 h - a ring of see invisible (right branch)
 k - a ring of fire (left branch)
 x - a ring of wizardry
 y - an amulet of the acrobat (around neck)
 C - a ring of wizardry
 I - an amulet of magic regeneration
 J - an amulet of faith
Wands
 B - a wand of roots (6)
Scrolls
 g - 2 scrolls of teleportation
 m - 7 scrolls of enchant weapon
 n - a scroll of fog
 p - 2 scrolls of magic mapping
 r - a scroll of silence
 s - 4 scrolls of identify
 u - a scroll of blinking
 E - a scroll of enchant armour
Potions
 d - 6 potions of might
 e - a potion of cancellation
 l - 8 potions of flight
 o - 3 potions of degeneration
 t - a potion of mutation {unknown}
 v - 3 potions of lignification
 w - a potion of ambrosia {unknown}
 F - a potion of magic {unknown}
 K - 2 potions of berserk rage {unknown}
 L - 2 potions of invisibility {unknown}


   Skills:
 * Level 11.4 Fighting
 * Level 10.9 Axes
 + Level 8.3 Armour
 + Level 8.4 Shields


You had 7 spell levels left.
You knew the following spells:

 Your Spells              Type           Power      Damage    Failure   Level
a - Blink                 Tloc           0%         N/A       69%         2

Your spell library contained the following spells:

 Spells                   Type           Power      Damage    Failure   Level
 Freeze                   Ice            0%         1d3       54%         1
 Shock                    Conj/Air       0%         1d3       54%         1
 Sublimation of Blood     Necr           0%         N/A       69%         2
 Wereblood                Tmut           0%         N/A       69%         2
 Frozen Ramparts          Ice            0%         1d1       89%         3
 Hailstorm                Conj/Ice       0%         3d3       89%         3
 Ignite Poison            Fire/Tmut/Pois 0%         N/A       89%         3
 Stone Arrow              Conj/Erth      0%         3d7       89%         3
 Passage of Golubria      Tloc           0%         N/A       100%        4
 Sticky Flame             Conj/Fire      0%         2d3       100%        4
 Yara's Violent Unravell  Hex/Tmut       0%         3d3       100%        5
 Dispersal                Tloc           0%         N/A       100%        6
 Ignition                 Fire           0%         3d3       100%        8
 Lehudib's Crystal Spear  Conj/Erth      0%         10d2      100%        8
 Chain Lightning          Conj/Air       0%         N/A       100%        9
 Tukima's Dance           Hex            Unusable   N/A       N/A         3
 Animate Armour           Summ/Erth      Unusable   N/A       N/A         4
 Summon Hydra             Summ           Unusable   N/A       N/A         7

Dungeon Overview and Level Annotations

Branches:
Dungeon (10/15)            Temple (1/1) D:4             Orc (0/2) D:10
  Sewer (visited)
   Lair: D:8-11

Altars:
Ashenzari
Cheibriados
Dithmenos
Elyvilon
Fedhas
Gozag
Hepliaklqana
Kikubaaqudgha
Makhleb
Nemelex Xobeh
Okawaru
Qazlal
Ru
Sif Muna
Trog
Uskayaw
Vehumet
Wu Jian
Xom
Yredelemnul
Zin
The Shining One

Shops:
D:2 !   D:3 *

Annotations:
D:6 3 runed translucent doors, elongatedgoose's ghost, novice SpHu
D:10 Amaemon


Innate Abilities, Weirdness & Mutations

You are a tree.
Your roots penetrate the ground, keeping you stationary.
You cannot be teleported.
You are immune to unholy pain and torment.
Your maximum health is greatly increased.
Your equipment is partially melded.
((You have a pair of horns on your head.))
((You reflexively headbutt those who attack you in melee.))


Message History

* * * LOW HITPOINT WARNING * * *
You feel better. The boulder beetle barely misses you. You furiously retaliate!
You headbutt the boulder beetle!
You feel better. The boulder beetle bites you!
* * * LOW HITPOINT WARNING * * *
Blink to where?
Press: ? - help, Dir - move target, p - boulder beetle
As you read the scroll of blinking, it crumbles to dust.
The boulder beetle leaps!
You close the door.
You start resting.
A centaur comes into view.
You feel better. The boulder beetle bites you!
* * * LOW HITPOINT WARNING * * *
As you read the scroll of fear, it crumbles to dust.
You assume a fearsome visage.
The boulder beetle looks frightened!
The centaur looks frightened!
The centaur almost stumbles in trying to escape.
The boulder beetle leaps!
As you read the scroll of teleportation, it crumbles to dust.
You feel strangely unstable.
The boulder beetle leaps!
You close the door.
Your surroundings suddenly seem different.
Amaemon shouts!
The orange demon screeches!
The two-headed ogre shouts in stereo!
As you read the scroll of teleportation, it crumbles to dust.
You feel strangely unstable.
Amaemon casts a spell.
Okay, then.
As you read the scroll of fog, it crumbles to dust.
The scroll dissolves into smoke.
The orange demon stings you from afar.
* * * LOW HITPOINT WARNING * * *
You are lethally poisoned!
The orange demon poisons you!
It was a potion of lignification.
You turn into a tree.
Your +0 pair of gloves melds into your body.
Your +0 pair of boots melds into your body.
Your +0 plate armour melds into your body.
Your roots penetrate the ground.
You feel strangely stable.
You die...

#############
#...........#
#...........#
#...........#
#.....<.....####
#.......(.......
#..........§###
#.........§§#
#.....O..4§♣#
#........§§§#
#.....6..§§§#
#...........#
####..#######
##### ##...####
#≈≈.. #....(.#
#≈_.≈ #......#
#≈≈.. #.O....#
#####


You could see an orange demon.

Vanquished Creatures
  A hornet (D:8)
  2 shadows
  A wyvern (D:7)
  Eustachio (D:5)
  4 yaks (D:8)
  An acid dragon (D:9)
  A water moccasin (D:6)
  3 orc warriors
  2 ice beasts
  A sky beast (D:8)
  A black bear (D:6)
  An ogre (D:4)
  2 centaurs (D:6)
  A kobold brigand (D:9)
  A gnoll sergeant (D:8)
  4 scorpions
  2 bullfrogs
  A necrophage (D:4)
  10 wights
  9 killer bees (D:7)
  6 howler monkeys
  2 lava snakes (D:7)
  6 orc priests
  4 jellies
  4 hounds
  2 iguanas (D:6)
  7 orc wizards
  8 gnolls
  14 adders
  7 river rats (Sewer)
  2 shadow imps
  A white imp (D:6)
  3 ufetubi
  5 worms
  2 dart slugs
  50 orcs
  15 bats
  6 endoplasms
  4 giant cockroaches
  9 goblins
  10 hobgoblins
  A jackal (Sewer)
  5 kobolds
  5 quokkas
  8 ball pythons
  4 frilled lizards
  2 rats (D:1)
241 creatures vanquished.

Notes
Turn   | Place    | Note
-------+----------+-------------------------------------------
     0 | D:1      | ders the Minotaur Fighter began the quest for the Orb.
     0 | D:1      | Reached XP level 1. HP: 19/19 MP: 0/0
   120 | D:1      | Reached XP level 2. HP: 27/27 MP: 1/1
   169 | D:1      | You fall into a shaft and drop 1 floor!
   215 | D:2      | Reached skill level 4 in Fighting
   281 | D:2      | Found Feghap Piewk's Distillery.
   355 | D:2      | Found a faded altar of an unknown god.
   442 | D:2      | Reached XP level 3. HP: 28/33 MP: 2/2
   577 | D:1      | Got the Precepts of Topological Ozone
   606 | D:1      | Learned a level 2 spell: Blink
  1600 | D:2      | Identified the +1 robe "Mibit" {Int+3}
  1604 | D:2      | Reached XP level 4. HP: 41/41 MP: 3/3
  1738 | D:3      | Found Hulugi's General Store.
  2251 | D:3      | Found a glowing drain.
  2261 | D:3      | Reached skill level 5 in Fighting
  2269 | Sewer    | Entered a sewer
  2300 | Sewer    | Reached XP level 5. HP: 48/48 MP: 4/4
  2957 | D:4      | Found a staircase to the Ecumenical Temple.
  2978 | Temple   | Entered the Ecumenical Temple
  2993 | Temple   | Became a worshipper of Warmaster Okawaru
  3011 | D:4      | Reached XP level 6. HP: 54/57 MP: 5/5
  3065 | D:4      | Reached skill level 5 in Axes
  3098 | D:4      | Reached skill level 6 in Fighting
  3098 | D:4      | Reached skill level 5 in Armour
  3098 | D:4      | Reached skill level 5 in Shields
  3246 | D:4      | Reached * piety under Okawaru
  3359 | D:4      | Reached XP level 7. HP: 63/64 MP: 6/6
  3689 | D:5      | Entered Level 5 of the Dungeon
  3874 | D:5      | Reached skill level 7 in Fighting
  4187 | D:5      | Noticed Eustachio
  4231 | D:5      | Killed Eustachio
  4462 | D:5      | Reached ** piety under Okawaru
  4475 | D:5      | Found a white marble altar of Elyvilon.
  4614 | D:6      | Reached XP level 8. HP: 68/73 MP: 7/7
  4783 | D:6      | Reached skill level 8 in Fighting
  4844 | D:6      | Found an opulent altar of Gozag.
  4974 | D:6      | Found a runed translucent gate.
  5177 | D:6      | Found a runed translucent gate.
  5177 | D:6      | Found a runed translucent gate.
  5178 | D:6      | Found an opulent altar of Gozag.
  5179 | D:6      | Noticed elongatedgoose's ghost (novice SpHu)
  5254 | D:7      | Found a glowing golden altar of the Shining One.
  5272 | D:7      | Reached *** piety under Okawaru
  5311 | D:7      | Reached skill level 9 in Fighting
  5311 | D:7      | Reached XP level 9. HP: 31/83 MP: 8/8
  5497 | D:7      | Found a sparkling altar of Nemelex Xobeh.
  6465 | D:8      | Reached **** piety under Okawaru
  6471 | D:8      | Reached skill level 10 in Fighting
  6481 | D:8      | Reached skill level 10 in Axes
  6623 | D:8      | Identified a scroll of acquirement
  6623 | D:8      | Acquired a +4 broad axe of electrocution
  6657 | D:8      | Paralysed by a hornet for 3 turns
  6660 | D:8      | HP: 4/86 [poisoned by a hornet]
  6693 | D:8      | Reached ***** piety under Okawaru
  6976 | D:8      | Reached XP level 10. HP: 94/94 MP: 9/9
  7053 | D:8      | Found a shadowy altar of Dithmenos.
  7054 | D:8      | Found a bloodstained altar of Trog.
  7521 | D:9      | Reached skill level 11 in Fighting
  7951 | D:10     | Entered Level 10 of the Dungeon
  7960 | D:10     | Noticed an orange demon
  7961 | D:10     | Noticed Amaemon
  7963 | D:10     | Noticed a two-headed ogre
  8119 | D:10     | Found a staircase to the Orcish Mines.
  8130 | D:10     | Found a sacrificial altar of Ru.
  8279 | D:10     | Noticed a boulder beetle
  8298 | D:10     | HP: 1/96 [boulder beetle (8)]
  8317 | D:10     | HP: 4/96 [boulder beetle (10)]
  8325 | D:10     | HP: 3/96 [orange demon[Amaemon] (4)]
  8326 | D:10     | Succumbed to an orange demon's poison

Illustrated notes

Levels and vault maps discovered:
D:1:      minmay_arrival_four_houses, layout_basic, serial_rivers,
          chequers_serial_rivers_large_b, chequers_serial_rivers_micro_a,
          chequers_serial_rivers_large_a, chequers_serial_rivers_micro_d,
          chequers_serial_rivers_small_a
D:2:      layout_rooms, shapermc_ecumenical_altar_venn, serial_shops,
          shop_fountains
D:3:      layout_rooms, serial_shops, nicolae_shop_hallway_plus,
          cheibrodos_sewer_entry_bend, fountainhead
D:4:      layout_cave_pools, minmay_temple_entry_waves
D:5:      layout_basic, mainiacjoe_overflow_alcove_1, uniq_eustachio
D:6:      layout_basic, grunt_gozag_statues, ebering_ghost_gozag
D:7:      layout_rooms, mainiacjoe_overflow_catch_the_wave,
          kennysheep_big_empty_room
D:8:      layout_loops_ring, amethyst_overflow_temple_binary
D:9:      layout_basic, serial_rivers, chequers_serial_rivers_micro_a,
          chequers_serial_rivers_micro_e, chequers_serial_rivers_micro_a,
          chequers_serial_rivers_micro_a, chequers_serial_rivers_marsh
D:10:     layout_roguey [special_room_orc], nicolae_ru_path_of_blood,
          nzn_sisyphean_effort, uniq_amaemon
Temple:   hellmonk_temple_two_chambers

Skill      XL: |  1  2  3  4  5  6  7  8  9 10 |
---------------+-------------------------------+-----
Fighting       | 4 5 6 7 9 10 11 | 11.4
Axes           | 3 4 5 6 8 10 | 10.9
Armour         | 4 5 6 7 8 |  8.3
Shields        | 4 5 6 8 |  8.4

Action                   |  1- 3 |  4- 6 |  7- 9 | 10-12 || total
-------------------------+-------+-------+-------+-------++-------
Melee: War axe           |    76 |   120 |   196 |       ||   392
       Headbutt          |     6 |    19 |    44 |    17 ||    86
       Broad axe         |       |       |    24 |    89 ||   113
Evoke: Wand              |       |       |       |     3 ||     3
  Use: Scroll            |     9 |     4 |     4 |     6 ||    23
       Potion            |       |     1 |     3 |     6 ||    10
Armor: Scale mail        |    34 |    66 |    87 |       ||   187
       Plate armour      |       |       |    75 |    34 ||   109
Dodge: Dodged            |    46 |    65 |   147 |    27 ||   285
Block: Buckler           |    17 |    31 |   113 |    19 ||   180

Table legend: (Time is in decaauts)
 A = Elapsed time spent in this place.
 B = Non-inter-level travel time spent in this place.
 C = Inter-level travel time spent in this place.
 D = Time resting spent in this place.
 E = Time spent auto-exploring this place.
 F = Levels seen in this place.
 G = Mean time per level.
                   A        B        C        D        E       F      G
               +--------+--------+--------+--------+--------+-----+--------+
         Total |   8687 |   8367 |    320 |   1205 |   5649 |  12 |  723.9 |
       Dungeon |   7859 |   7544 |    315 |   1108 |   5089 |  10 |  785.9 |
        Temple |     21 |     16 |      5 |      0 |     10 |   1 |   21.0 |
         Sewer |    806 |    806 |      0 |     97 |    550 |   1 |  806.0 |
               +--------+--------+--------+--------+--------+-----+--------+

Top non-repeatable levels by time:
     D:1: 1269 daAuts
     D:8: 1053 daAuts
     D:7: 1045 daAuts
     D:5: 907 daAuts
   Sewer: 806 daAuts
     D:9: 794 daAuts
     D:4: 728 daAuts
     D:6: 647 daAuts
     D:3: 618 daAuts
     D:2: 554 daAuts
    D:10: 241 daAuts
  Temple: 21 daAuts
